 Dungeon Crawl Stone Soup version 0.27-a0-789-g6bb3289e1e (webtiles) character file.

Game seed: 6446759362228177690

94 rageheart7 the Chopper (level 4, -4/42 HPs)
             Began as a Hill Orc Monk on Mar 26, 2021.
             Slain by an ogre
             ... wielding a +0 giant club
              (18 damage)
             ... on level 3 of the Dungeon.
             The game lasted 00:02:33 (3185 turns).

rageheart7 the Chopper (Hill Orc Monk)              Turns: 3185, Time: 00:02:33

Health: -4/42      AC:  6    Str: 14    XL:     4   Next: 63%
Magic:  4/4        EV: 11    Int: 10    God:
Gold:   76         SH:  0    Dex: 13    Spells: 3/3 levels left

rFire    . . .     SeeInvis .   a - +0 hand axe
rCold    . . .     Faith    .   (no shield)
rNeg     . . .     Spirit   .   e - +0 ring mail
rPois    .         Reflect  .   i - +0 helmet
rElec    .         Harm     .   (no cloak)
rCorr    .         Rampage  .   (no gloves)
Will     .....                  (no boots)
Stlth    +.........             (no amulet)
HPRegen  0.14/turn              d - ring of wizardry
MPRegen  0.09/turn              (no ring)

@: no status effects
A: no striking features
a: no special abilities


You were on level 3 of the Dungeon.
You visited 1 branch of the dungeon, and saw 3 of its levels.

You collected 76 gold pieces.

Inventory:

Hand Weapons
 a - a +0 hand axe (weapon)
Armour
 e - a +0 ring mail (worn)
 i - a +0 helmet (worn)
Jewellery
 d - a ring of wizardry (right hand)
Scrolls
 c - a scroll of amnesia
 f - a scroll of enchant weapon {unknown}
 g - 2 scrolls of identify
Potions
 b - a potion of brilliance


   Skills:
 * Level 5.1 Fighting
 * Level 5.6 Axes
 - Level 2.4 Dodging
 - Level 1.5 Stealth


You had 3 spell levels left.
You didn't know any spells.
Your spell library was empty.

Dungeon Overview and Level Annotations

Branches:
Dungeon (3/15)

Altars:
Elyvilon

Shops:
D:2 (*(


Message History

You hit the goblin.
You kill the goblin!
Things that are here:
a +0 club; a goblin corpse No target in view!
Things that are here:
a +0 club; a goblin corpse You open the door.
There is an open door here.
You open the door.
There is an open door here.
There is an open door here.
There is an open door here.
Key pressed, stopping explore.
No target in view!
There is an open door here.
You see here 6 boomerangs.
There is an open door here.
Key pressed, stopping explore.
No target in view!
Key pressed, stopping explore.
No target in view!
No target in view!
Found a robe.
No target in view!
An ogre comes into view. It is wielding a +0 giant club.
An ogre is nearby!
An ogre is nearby!
The ogre hits you with a +0 giant club.
You barely miss the ogre. The ogre misses you.
You slash the ogre!
The ogre is moderately wounded.
The ogre hits you with a +0 giant club!!
Ouch! That really hurt!
You are too injured to fight recklessly!
You are too injured to fight recklessly!
You barely miss the ogre.
The ogre is moderately wounded.
The ogre hits you with a +0 giant club!!
You die...

....##.# ####.#
#...# .....#.#####
#.# ###.#
...†.......####.#
#.#
.......###......#
#.####### ...#####
######## #........
##.# ######### #.#
#.#
##################
#.#
#.....O@..##.....#
#.#
#.#######.##.###.#
## #.# #.##.# #.# #.
##.#######. ####
#.##.###.######.
........... ..#
#.##.#..........
.#.#######. #.#
#.##.#.#.#####..
....##
#[###.###.##.......#
#.. .....#
#.........##...#.#.#
##. ....##
#####.######.....#.#
#.


You could see an ogre.

Vanquished Creatures
  2 adders
  3 worms
  A dart slug (D:1)
  3 orcs (D:3)
  3 bats
  3 endoplasms
  3 giant cockroaches
  5 hobgoblins
  6 jackals
  4 quokkas
  4 ball pythons
  8 frilled lizards
  4 goblins
  7 kobolds
  6 rats
62 creatures vanquished.

Notes
Turn   | Place    | Note
-------+----------+-------------------------------------------
     0 | D:1      | rageheart7 the Hill Orc Monk began the quest for the Orb.
     0 | D:1      | Reached XP level 1. HP: 19/19 MP: 1/1
    14 | D:1      | You fall into a shaft and drop 1 floor!
   129 | D:1      | Reached XP level 2. HP: 27/27 MP: 2/2
   621 | D:1      | Reached XP level 3. HP: 31/34 MP: 3/3
  1082 | D:2      | Found a faded altar of an unknown god.
  1093 | D:2      | Found a white marble altar of Elyvilon.
  1101 | D:2      | Reached skill level 5 in Axes
  1131 | D:2      | Found Quonk's Antique Weapon Emporium.
  1488 | D:2      | Found Horagazxeo's Antique Weapon Shop.
  1785 | D:2      | Found Weuneh's Assorted Antiques.
  2000 | D:2      | Reached XP level 4. HP: 34/41 MP: 4/4
  2280 | D:3      | Reached skill level 5 in Fighting
  3177 | D:3      | Noticed an ogre
  3185 | D:3      | Slain by an ogre

Illustrated notes

Levels and vault maps discovered:
D:1:      dpeg_arrival_fog, layout_basic, minmay_small_reverse_x
D:2:      layout_loops_corners, lemuel_round_altar, serial_shops,
          nicolae_shop_trees, nicolae_shop_waterfront, nicolae_shop_stone,
          chequers_ecumenical_altar_simple
D:3:      layout_loops_corners

Skill      XL: |  1  2  3  4 |
---------------+-------------+-----
Fighting       | 4 5 |  5.1
Axes           | 5 |  5.6
Dodging        | |  2.4
Stealth        | |  1.5

Action                   |  1- 3 |  4- 6 || total
-------------------------+-------+-------++-------
Melee: Hand axe          |   159 |    74 ||   233
  Use: Scroll            |       |     4 ||     4
 Stab: Sleeping          |     2 |       ||     2
Armor: Robe              |     3 |       ||     3
       Ring mail         |    48 |    20 ||    68
Dodge: Dodged            |   100 |    35 ||   135

Table legend: (Time is in decaauts)
 A = Elapsed time spent in this place.
 B = Non-inter-level travel time spent in this place.
 C = Inter-level travel time spent in this place.
 D = Time resting spent in this place.
 E = Time spent auto-exploring this place.
 F = Levels seen in this place.
 G = Mean time per level.
                   A        B        C        D        E       F      G
               +--------+--------+--------+--------+--------+-----+--------+
         Total |   3198 |   3081 |    117 |    262 |   2385 |   3 | 1066.0 |
       Dungeon |   3198 |   3081 |    117 |    262 |   2385 |   3 | 1066.0 |
               +--------+--------+--------+--------+--------+-----+--------+

Top non-repeatable levels by time:
     D:2: 1288 daAuts
     D:3: 960 daAuts
     D:1: 949 daAuts
